 Dungeon Crawl Stone Soup version 0.31-a0-963-ga325b2283a (webtiles) character file.

Game seed: 740268482574789715

17 Maxmaps the Changeling (level 2, -2/27 HPs)
             Began as an Octopode Shapeshifter on Oct 25, 2023.
             Slain by Robin
             ... wielding a +0 whip
              (5 damage)
             ... on level 1 of the Dungeon.
             The game lasted 00:00:28 (602 turns).

Maxmaps the Changeling (Octopode Shapeshifter)       Turns: 602, Time: 00:00:29

Health: -2/27      AC: 21    Str: 13    XL:     2   Next: 62%
Magic:  2/2        EV:  2    Int: 12    God:
Gold:   33         SH:  0    Dex: 11    Spells: 1/1 levels left

rFire   . .          .
                       - Unarmed
rCold   . . .        (no shield)
rNeg    . . .        (helmet currently unavailable)
rPois   +            (no amulet)
rElec   .            (no ring)
rCorr   .            (no ring)
SInv    .            (no ring)
Will    .....        (no ring)
Stlth   +            (no ring)
HPRegen 0.24/turn    (no ring)
MPRegen 0.08/turn    (no ring)
                     (no ring)

%: no passive effects
@: tree-form
A: stationary, stasis, torment immunity, boosted hp, almost no armour,
(amphibious), 8 rings, (camouflage 1), (gelatinous body 1), (nimble swimmer 1),
(tentacles)
a: no special abilities


You were on level 1 of the Dungeon.
You were a tree.
You visited 1 branch of the dungeon, and saw 2 of its levels.

You collected 33 gold pieces.

Inventory:

Talismans
 b - a beast talisman
 c - a flux talisman
Scrolls
 d - 2 scrolls of blinking {unknown}
 h - a scroll of silence {unknown}
 j - a scroll of identify {unknown}
 k - a scroll of fear {unknown}
Potions
 a - a potion of lignification
 e - a potion of brilliance {unknown}
 f - a potion of might {unknown}
 g - 2 potions of curing {unknown}
 i - a potion of mutation {unknown}


   Skills:
 - Level 1.0 Fighting
 - Level 2.0 Dodging
 - Level 3.0 Unarmed Combat
 + Level 3.7 Shapeshifting


You had one spell level left.
You didn't know any spells.
Your spell library was empty.

Dungeon Overview and Level Annotations

Branches:
Dungeon (2/15)

Altars:

Annotations:
D:1 Robin


Innate Abilities, Weirdness & Mutations

You are a tree.
Your roots penetrate the ground, keeping you stationary.
You cannot be teleported.
You are immune to unholy pain and torment.
Your maximum health is greatly increased.
You cannot wear most types of armour.
((You are amphibious.))
You can wear up to eight rings at the same time.
((Your skin changes colour to match your surroundings (Stealth+).))
((Your rubbery body absorbs attacks. (AC +1, EV +1)))
((You are camouflaged when in or above water. (Stealth+)))
((You have tentacles for arms and can constrict up to eight enemies at once.))


Message History

You kill the goblin!
You barely miss the ball python. Your grab misses the ball python.
You squeeze the ball python.
You kill the ball python!
The jackal bites you. The jackal closely misses you. The jackal bites you.
There is a stone staircase leading up here.
Robin throws the goblin at you! The goblin hits you with a +0 dagger.
The goblin hits you with a +0 club.
You climb upwards.
There is a stone staircase leading down here.
You miss the jackal. You grab the jackal. You squeeze the jackal.
The jackal is almost dead.
You constrict the jackal.
You kill the jackal!
The goblin hits you with a +0 club.
You are too injured to fight recklessly!
Unknown command.
You tentacle-slap Robin. You grab Robin.
Robin is lightly wounded.
You constrict Robin.
Robin says, "My army is invincible!"
Robin hits you with a +0 whip.
* * * LOW HITPOINT WARNING * * *
Unknown command.
You completely miss Robin.
Robin is moderately wounded.
You constrict Robin. The goblin barely misses you.
Robin hits you with a +0 whip.
* * * LOW HITPOINT WARNING * * *
Your transformation has ended.
You turn into a tree.
Your roots penetrate the ground.
You lose your grip on Robin.
The goblin hits you but does no damage.
You hit Robin. Your punch misses Robin.
Robin is heavily wounded.
The goblin hits you but does no damage.
You barely miss Robin.
Robin is heavily wounded.
The goblin barely misses you. Robin hits you with a +0 whip.
You die...
Robin says, "And that's why I'm the boss."

#.#.#.#.#.#####..#
#.#.#.#.#.## #..#
#.#.#.#....# #...
#.#.#.###.^## #.##
#.#.#.###...###...
#.#.#............#
#.#.######.....#.#
#g#.######.......#
#♣gg..............
##########..######
#..# #..#
#..######
#........
#.####### #.# #.#


You could see Robin and 2 goblins.

Vanquished Creatures
  3 ball pythons
  2 endoplasms (D:1)
  2 goblins
  4 hobgoblins (D:1)
  A jackal (D:1)
  A quokka (D:1)
  A rat (D:1)
14 creatures vanquished.

Notes
Turn   | Place    | Note
-------+----------+-------------------------------------------
     0 | D:1      | Maxmaps the Octopode Shapeshifter began the quest for the
                  | Orb.
     0 | D:1      | Reached XP level 1. HP: 13/13 MP: 1/1
   214 | D:1      | Reached XP level 2. HP: 18/18 MP: 2/2
   590 | D:2      | Noticed Robin
   602 | D:1      | Slain by Robin

Illustrated notes

Levels and vault maps discovered:
D:1:      pf_arrival_petrified_forest, layout_loops_ring,
          chequers_serial_rivers_micro_a
D:2:      minmay_spotlight, layout_rooms, hellmonk_ecumenical_altar_lost_god,
          kennysheep_generic_room_9, uniq_robin

Action                     || total
---------------------------++-------
  Melee: Unarmed           ||    27
         Constrict         ||     6
         Tentacles         ||     6
    Use: Potion            ||     1
   Stab: Sleeping          ||     2
 Armour: Skin              ||    15
  Dodge: Dodged            ||    15

Table legend: (Time is in decaauts)
 A = Elapsed time spent in this place.
 B = Non-inter-level travel time spent in this place.
 C = Inter-level travel time spent in this place.
 D = Time resting spent in this place.
 E = Time spent auto-exploring this place.
 F = Levels seen in this place.
 G = Mean time per level.
                   A        B        C        D        E       F      G
               +--------+--------+--------+--------+--------+-----+--------+
         Total |    600 |    578 |     22 |      0 |    496 |   2 |  300.0 |
       Dungeon |    600 |    578 |     22 |      0 |    496 |   2 |  300.0 |
               +--------+--------+--------+--------+--------+-----+--------+

Top non-repeatable levels by time:
     D:1: 595 daAuts
     D:2: 5 daAuts
